 Dungeon Crawl Stone Soup version 0.30.0-3-ga4e48a9924 (webtiles) character file.

Game seed: 1802546521869482932

1774 jimonade the Slicer (level 9, -8/55 HPs)
             Began as a Kobold Monk on May 7, 2023.
             Succumbed to a gnoll sergeant's poison
             ... on level 6 of the Dungeon.
             The game lasted 00:13:40 (6557 turns).

jimonade the Slicer (Kobold Monk)                   Turns: 6557, Time: 00:13:40

Health: -8/55      AC: 10    Str:  8    XL:     9   Next: 28%
Magic:  9/9        EV: 15    Int: 12    God:
Gold:   75         SH:  0    Dex: 21    Spells: 8/8 levels left

rFire   . . .        a - +3 dagger (venom)
rCold   . . .        (no shield)
rNeg    . . .        p - +0 ring mail
rPois   .            F - +0 helmet
rElec   .            (no cloak)
rCorr   .            (no gloves)
SInv    +            h - +2 pair of boots
Will    +....        (no amulet)
Stlth   +++          D - ring of see invisible
HPRegen 0.29/turn    w - ring of willpower
MPRegen 0.11/turn

%: no passive effects
@: lethally poisoned (-8 -> -52)
A: small, no large weapons, nightstalker 3
a: no special abilities


You were on level 6 of the Dungeon.
You visited 1 branch of the dungeon, and saw 7 of its levels.
You also visited: Sewer.

You collected 255 gold pieces.
You spent 180 gold pieces at shops.

Inventory:

Hand Weapons
 a - a +3 dagger of venom (weapon)
 b - a +0 shortbow of electrocution
 s - a +0 sling
 u - a +0 short sword
 A - a +0 rapier
 L - a +1 short sword of speed
Missiles
 g - 57 stones (quivered)
 v - 10 poisoned darts
Armour
 d - an orb of light
 f - a +0 leather armour
 h - a +2 pair of boots (worn)
 p - a +0 ring mail (worn)
 F - a +0 helmet (worn)
 O - an orb of wrath
Magical Staves
 q - a staff of cold
 y - a staff of conjuration
Jewellery
 n - an amulet of faith
 o - a ring of flight
 w - a ring of willpower (right hand)
 D - a ring of see invisible (left hand)
 E - a +6 ring of intelligence
Wands
 C - a wand of paralysis (20)
 I - a wand of mindburst (11)
Scrolls
 e - a scroll of fog {unknown}
 i - 8 scrolls of teleportation
 l - a scroll of enchant armour {unknown}
 m - 3 scrolls of enchant weapon
 r - 3 scrolls of immolation
 t - 3 scrolls of poison
 N - a scroll of silence {unknown}
 P - a scroll of identify
Potions
 c - a potion of ambrosia
 j - 3 potions of heal wounds
 k - 2 potions of resistance {unknown}
 x - 4 potions of curing
 z - a potion of attraction {unknown}
 B - 2 potions of haste {unknown}
 G - a potion of invisibility {unknown}
 H - 2 potions of cancellation {unknown}
 J - 3 potions of lignification {unknown}
 K - a potion of might {unknown}
 M - a potion of mutation {unknown}


   Skills:
 + Level 6.0 Fighting
 + Level 9.3 Short Blades
 + Level 3.0 Ranged Weapons
 + Level 4.6 Armour
 + Level 6.0 Dodging
 + Level 4.4 Stealth


You had 8 spell levels left.
You didn't know any spells.
Your spell library contained the following spells:

 Spells                   Type           Power      Damage    Failure   Level
 Magic Dart               Conj           0%         1d3       67%         1
 Blink                    Tloc           0%         N/A       80%         2
 Lesser Beckoning         Tloc           0%         N/A       80%         2
 Momentum Strike          Conj/Tloc      0%         3d8       80%         2


Dungeon Overview and Level Annotations

Branches:
Dungeon (7/15)              Sewer (visited)
 Temple: D:4-7

Altars:
Kikubaaqudgha
Sif Muna
Vehumet
Xom

Shops:
D:5 (

Annotations:
D:2 1 runed translucent door, Crazy Yiuf


Innate Abilities, Weirdness & Mutations

You are small and have problems with some larger weapons.
You are completely attuned to the shadows.


Message History

The arrow hits the gnoll sergeant but does no damage.
The gnoll sergeant hits you from afar with a +4 trident of venom.
You are poisoned.
The killer bee attacks as you move away!
The killer bee stings you.
You feel very sick. The killer bee closely misses you.
You feel sick.
The killer bee stings you but does no damage.
You feel sick. The killer bee barely misses you.
Your +0 shortbow of electrocution stops crackling.
Your +3 dagger of venom begins to drip with poison!
a - a +3 dagger of venom (weapon)
You feel sick.
The killer bee stings you but does no damage.
The gnoll sergeant misses you.
You miss the killer bee.
You feel sick. The killer bee stings you!
You feel sick. The killer bee barely misses you.
You see here a +0 whip.
You feel sick.
The killer bee stings you but does no damage.
The killer bee attacks as you move away!
The killer bee barely misses you.
You feel sick. The killer bee closely misses you.
You feel sick.
The killer bee stings you but does no damage.
You feel sick. The killer bee stings you.
You are more poisoned.
The killer bee poisons you!
You feel sick. The killer bee barely misses you.
There is a stone staircase leading up here.
You feel sick. The killer bee stings you.
You are more poisoned.
The killer bee poisons you!
The gnoll sergeant hits you from afar with a +4 trident of venom!
* * * LOW HITPOINT WARNING * * *
You are more poisoned.
The killer bee barely misses you.
You climb upwards.
You die...

##########
####........##########
.....................#####
.....................'...#
.....................###.#
...............y@...## #.#
.......>##..#.##.#..# #.#
........##..#..#.#######.#
.#......+......#.........#
##.##...####..##.#########
#.#....#.........#
#.#....#.##..##..#
##.#..........##..#
...#....#.###.##..#


You could see a killer bee.

Vanquished Creatures
  A water moccasin (D:6)
  2 ice beasts
  2 black bears (D:6)
  A centaur (D:5)
  A phantom (D:5)
  4 bullfrogs
  2 scorpions
  2 killer bees (D:7)
  A howler monkey (D:5)
  3 jellies
  An orc priest (D:7)
  3 hounds
  2 iguanas
  2 orc wizards (D:7)
  A hell rat (Sewer)
  Robin (D:3)
  10 gnolls
  9 adders
  2 river rats (Sewer)
  2 white imps (D:7)
  2 worms
  A dart slug (D:1)
  9 orcs
  2 endoplasms
  7 giant cockroaches
  8 hobgoblins
  8 jackals
  6 quokkas
  4 ball pythons
  7 bats
  5 frilled lizards
  13 goblins
  3 kobolds
  12 rats
139 creatures vanquished.

Vanquished Creatures (others)
  5 plants (D:1)
5 creatures vanquished.

Grand Total: 144 creatures vanquished

Notes
Turn   | Place    | Note
-------+----------+-------------------------------------------
     0 | D:1      | jimonade the Kobold Monk began the quest for the Orb.
     0 | D:1      | Reached XP level 1. HP: 14/14 MP: 1/1
   130 | D:1      | Reached XP level 2. HP: 19/19 MP: 2/2
   853 | D:1      | Reached XP level 3. HP: 20/23 MP: 3/3
  1252 | D:2      | Reached XP level 4. HP: 29/29 MP: 4/4
  1307 | D:2      | Reached skill level 5 in Short Blades
  1786 | D:2      | Found a runed translucent door.
  1789 | D:2      | Noticed Crazy Yiuf
  2434 | D:3      | Noticed Robin
  2486 | D:3      | Reached XP level 5. HP: 21/33 MP: 5/5
  2624 | D:3      | Killed Robin
  2801 | D:3      | Reached skill level 1 in Armour
  3463 | D:4      | Reached skill level 6 in Short Blades
  3528 | D:4      | Reached skill level 1 in Stealth
  3528 | D:4      | Reached XP level 6. HP: 39/39 MP: 6/6
  3633 | D:5      | Entered Level 5 of the Dungeon
  3735 | D:5      | Found a glowing drain.
  3755 | Sewer    | Entered a sewer
  3806 | Sewer    | Reached skill level 5 in Dodging
  3935 | D:5      | Reached XP level 7. HP: 39/44 MP: 7/7
  4153 | D:5      | Reached skill level 7 in Short Blades
  4356 | D:5      | Found Fais's Antique Weapon Shoppe.
  4361 | D:5      | Bought a runed short sword for 180 gold pieces
  4463 | D:5      | Found an ancient bone altar of Kikubaaqudgha.
  4487 | D:5      | Found a radiant altar of Vehumet.
  4491 | D:5      | Got Vehumet's Quarto of the Salvo
  4494 | D:5      | Found a shimmering blue altar of Sif Muna.
  4795 | D:6      | Reached skill level 5 in Fighting
  4840 | D:6      | Reached XP level 8. HP: 42/49 MP: 8/8
  4872 | D:6      | Reached skill level 8 in Short Blades
  5910 | D:7      | Reached skill level 1 in Ranged Weapons
  5910 | D:7      | Reached XP level 9. HP: 55/55 MP: 9/9
  5929 | D:7      | Reached skill level 9 in Short Blades
  6236 | D:7      | Found a shimmering altar of Xom.
  6239 | D:7      | Found a shimmering altar of Xom.
  6239 | D:7      | Found a shimmering altar of Xom.
  6240 | D:7      | Found a shimmering altar of Xom.
  6241 | D:7      | Found a shimmering altar of Xom.
  6557 | D:6      | Succumbed to a gnoll sergeant's poison

Illustrated notes

Levels and vault maps discovered:
D:1:      psy_arrival_whirlpool, layout_loops_ring, serial_bayou_pond_a,
          st_stairs_11, hangedman_abyss_or_decor_stabs
D:2:      layout_loops_cross, serial_co_window_serial, co_window_paths_a,
          co_window_paths_a, co_window_of_opportunity_a,
          co_window_of_opportunity_a, co_window_paths_b, co_window_paths_c,
          co_window_2corner, co_window_corner_cb, co_window_broadway_b,
          glass_columns_a, glass_columns_c, glass_columns_b,
          uniq_crazy_yiuf_cottage
D:3:      layout_basic, serial_glass, glass_columns_a, glass_columns_b,
          minivault_19, uniq_robin
D:4:      layout_basic
D:5:      layout_rooms, grunt_temple_overflow_magic_moments, serial_shops, shop,
          gup_sewer_entry_pipe
D:6:      layout_basic
D:7:      layout_cave_pools, xom_redecorated, gammafunk_temple_overflow_pools,
          gammafunk_temple_overflow_statue, minmay_temple_entry_purple_smoke

Skill      XL: |  1  2  3  4  5  6  7  8  9 |
---------------+----------------------------+-----
Dodging        | 4 5 6 |  6.0
Short Blades   | 5 6 7 8 9 |  9.3
Fighting       | 4 5 6 |  6.0
Armour         | 1 2 4 |  4.6
Stealth        | 1 3 4 |  4.4
Ranged Weapons | 1 3 |  3.0

Action                     |  1- 3 |  4- 6 |  7- 9 || total
---------------------------+-------+-------+-------++-------
  Melee: Short sword       |   104 |    11 |       ||   115
         Rapier            |       |    50 |       ||    50
         Dagger            |       |   120 |   212 ||   332
   Fire: Shortbow          |       |       |    25 ||    25
    Use: Scroll            |       |     9 |     1 ||    10
   Stab: Sleeping          |     1 |       |     3 ||     4
         Distracted        |       |       |     1 ||     1
 Armour: Leather armour    |    18 |       |       ||    18
         Ring mail         |    16 |    55 |    46 ||   117
  Dodge: Dodged            |    60 |   106 |   133 ||   299
